 Dungeon Crawl Stone Soup version 0.20-a0-3-g334f831 (webtiles) character file.

1117 dobroeutro the Covered (level 8, -9/51 HPs)
             Began as a Gargoyle Fighter on Oct 31, 2016.
             Mangled by an orc warrior
             ... wielding a +0 battleaxe
              (10 damage)
             ... on level 5 of the Dungeon.
             The game lasted 00:06:42 (4388 turns).

dobroeutro the Covered (Gargoyle Fighter)           Turns: 4388, Time: 00:06:43

Health: -9/51      AC: 12    Str: 21    XL:     8   Next: 34%
Magic:  8/8        EV: 12    Int: 13    God:
Gold:   308        SH:  9    Dex: 10    Spells: 0 memorised, 7 levels left

rFire  . . .     SeeInvis .     a - +1 flail
rCold  + . .     Gourm    .     b - +0 scale mail
rNeg   + . .     Faith    .     c - +0 shield
rPois  ∞         Spirit   .     (helmet restricted)
rElec  +         Reflect  .     (no cloak)
rCorr  .         Harm     .     (no gloves)
MR     .....     Rnd*Tele +     (no boots)
Stlth  ..........               (no amulet)
                                h - +3 ring of evasion
                                e - ring of loudness (curse)

@: no status effects
A: beak, clever 2, cold resistance 1, negative energy resistance 1, electricity
resistance, teleportitis 1, wild magic 1, unbreathing, petrification resistance,
rot immunity, AC +5
a: no special abilities


You were on level 5 of the Dungeon.
You were very hungry.

You visited 2 branches of the dungeon, and saw 7 of its levels.

You collected 308 gold pieces.

Inventory:

Hand Weapons
 a - a +1 flail (weapon)
Armour
 b - a +0 scale mail (worn)
 c - a +0 shield (worn)
 q - the +0 robe of Kypref {MR+ Regen+ MP+9 Int+4}
   (You found it on level 5 of the Dungeon)

   It affects your intelligence (+4).
   It affects your resistance to hostile enchantments.
   It affects your magic capacity (+9).
   It increases your rate of regeneration.
Jewellery
 e - a cursed ring of loudness (left hand)
 h - a +3 ring of evasion (right hand)
 m - a cursed ring of loudness
Wands
 v - a wand of flame (20/48)
Scrolls
 g - 7 scrolls of identify {unknown}
 i - 3 scrolls of remove curse
 o - 2 scrolls of enchant weapon
 x - a scroll of amnesia {unknown}
 y - a scroll of random uselessness {unknown}
 z - a scroll of fear {unknown}
Potions
 d - a potion of might
 j - 4 potions of heal wounds {unknown}
 k - 2 potions of flight {unknown}
 l - 3 potions of curing {unknown}
 n - a potion of haste {unknown}
 s - 2 potions of resistance {unknown}
 u - a potion of degeneration {unknown}
 w - a potion of agility {unknown}
 A - a potion of mutation {unknown}
Books
 p - a book of Minor Magic

   Spells                             Type                      Level
   a - Magic Dart                     Conjuration                  1
   b - Blink                          Translocation                2
   c - Call Imp                       Summoning                    2
   d - Repel Missiles                 Charms/Air                   2
   e - Slow                           Hexes                        2
   f - Conjure Flame                  Conjuration/Fire             3
   g - Mephitic Cloud                 Conjuration/Poison/Air       3
Comestibles
 f - 2 bread rations
 r - a meat ration
 t - a beef jerky


   Skills:
 + Level 6.2 Fighting
 + Level 4.8 Maces & Flails
 + Level 6.3 Armour
 + Level 3.9 Dodging
 - Level 3.2 Shields


You had 7 spell levels left.
You didn't know any spells.

Dungeon Overview and Level Annotations

Branches:
Dungeon (6/15)             Temple (1/1) D:5

Altars:
Dithmenos
Elyvilon
Kikubaaqudgha
Makhleb
Nemelex Xobeh
Qazlal
Ru
Sif Muna
Trog
Uskayaw
Yredelemnul
Zin
The Shining One


Innate Abilities, Weirdness & Mutations

You are resistant to torment.
Your stone body is resilient. (AC +5)
You are immune to poison.
You resist negative energy. (rN+)
You are resistant to electric shocks. (rElec)
You can survive without breathing.
You are immune to petrification.
You are immune to rotting.
You have a beak for a mouth.
Your mind is very acute. (Int +4)
Your flesh is cold resistant. (rC+)
You are occasionally teleported next to monsters.
Your spells are a little harder to cast, but a little more powerful.


Message History

Beogh smites you!
The sky beast flickers out of sight!
Deactivating autopickup; reactivate with Ctrl-A.
The orc priest mumbles some strange prayers to Beogh against you.
Beogh smites you!
* * * LOW HITPOINT WARNING * * *
A sky beast appears from thin air!
Reactivating autopickup.
The sky beast flickers out of sight!
Deactivating autopickup; reactivate with Ctrl-A.
The orc priest looks encouraged for a moment.
There is a stone staircase leading up here.
The orc warrior hits you with a battleaxe!
* * * LOW HITPOINT WARNING * * *
A sky beast appears from thin air!
Reactivating autopickup.
You climb upwards.
There is a stone staircase leading down here.
The orc warrior hits you with a battleaxe!
You die...

######### #.....
####.......###.....
#..................
#.##....<..###.....
#.##.......# ######
#.##.......# #
#.##.......########
#o##...(...........
#>@................
######.......##.###
#####.......##.###
#.........####.#..
#.........# #.#.#
#(........####.#.#
#.........)....#.#
#.............##.(
####..........##..


You could see an orc warrior.

Vanquished Creatures
  Grinder (D:6)
  2 sky beasts
  An ice beast (D:5)
  A centaur (D:5)
  2 crimson imps
  A centaur skeleton (D:4)
  An orc priest (D:4)
  2 jellies (D:5)
  2 iguanas (D:4)
  Ijyb (D:3)
  A worker ant (D:4)
  A hound skeleton (D:6)
  4 gnolls (D:4)
  10 adders
  A river rat (D:5)
  A shadow imp (D:5)
  2 oozes
  An adder skeleton (D:5)
  3 worms
  A dart slug (D:1)
  6 leopard geckos
  12 orcs
  10 bats
  6 giant cockroaches
  5 goblins
  8 hobgoblins
  9 jackals
  6 kobolds
  4 quokkas
  6 frilled lizards
  9 rats
120 creatures vanquished.

Notes
Turn   | Place    | Note
-------+----------+-------------------------------------------
     0 | D:1      | dobroeutro the Gargoyle Fighter began the quest for the Orb.
     0 | D:1      | Reached XP level 1. HP: 14/14 MP: 1/1
     8 | D:1      | Noticed an ogre
     9 | D:1      | Noticed a formicid
    15 | D:1      | Noticed a minotaur
    19 | D:1      | Noticed an ogre
   152 | D:1      | Reached XP level 2. HP: 16/19 MP: 2/2
   486 | D:1      | Reached XP level 3. HP: 18/23 MP: 3/3
   702 | D:2      | Reached skill level 1 in Dodging
   855 | D:2      | Reached XP level 4. HP: 22/29 MP: 4/4
  1435 | D:3      | Found a deep blue altar of Sif Muna.
  1754 | D:3      | Noticed Ijyb
  1761 | D:3      | Killed Ijyb
  1761 | D:3      | Reached XP level 5. HP: 33/33 MP: 5/5
  2309 | D:4      | Noticed an ogre
  2314 | D:4      | Reached XP level 6. HP: 17/39 MP: 6/6
  3170 | D:4      | Reached skill level 5 in Fighting
  3283 | D:5      | Entered Level 5 of the Dungeon
  3348 | D:5      | Reached skill level 5 in Armour
  3363 | D:5      | Noticed a sky beast
  3376 | D:5      | Killed a sky beast
  3376 | D:5      | Reached XP level 7. HP: 37/44 MP: 7/7
  3381 | D:5      | Gained mutation: You have a beak for a mouth. [mutagenic meat]
  3382 | D:5      | Gained mutation: Your mind is acute. (Int +2) [mutagenic meat]
  3384 | D:5      | Gained mutation: Your mind is very acute. (Int +4) [mutagenic meat]
  3408 | D:5      | Found a staircase to the Ecumenical Temple.
  3416 | Temple   | Entered the Ecumenical Temple
  3712 | D:5      | Got an opalescent robe
  3723 | D:5      | Identified the +0 robe of Kypref {MR+ Regen+ MP+9 Int+4} (You found it on level 5 of the Dungeon)
  3904 | D:5      | Found a glowing drain.
  4169 | D:6      | Reached XP level 8. HP: 45/51 MP: 8/8
  4174 | D:6      | Gained mutation: Your flesh is cold resistant. (rC+) [mutagenic meat]
  4175 | D:6      | Gained mutation: You are occasionally teleported next to monsters. [mutagenic meat]
  4176 | D:6      | Gained mutation: Your spells are a little harder to cast, but a little more powerful. [mutagenic meat]
  4177 | D:6      | Gained mutation: Your magical capacity is low. (-10% MP) [mutagenic meat]
  4178 | D:6      | Lost mutation: Your magical capacity is low. (-10% MP) [mutagenic meat]
  4206 | D:6      | Noticed Grinder
  4214 | D:6      | Paralysed by Grinder for 6 turns
  4227 | D:6      | Killed Grinder
  4386 | D:6      | HP: 1/51 [orc warrior/battleaxe (14)]
  4388 | D:5      | Mangled by an orc warrior

Vault maps used:
D:1:      shiori_arrival_whats_in_store_for_you, minmay_misc_feat_pillars
D:2:      first_bread
D:3:      minmay_diamond_boxcup, led_sif_pool, uniq_iyjb
D:4:      grunt_ministairs_7
D:5:      gup_sewer_entry_bubbles
D:6:      slow_altar_2, uniq_edmund, uniq_grinder
Temple:   nicolae_temple_hex_pool

Skill      XL: |  1  2  3  4  5  6  7  8 |
---------------+-------------------------+-----
Dodging        | 1 2 3 |  3.9
Armour         | 4 5 6 |  6.3
Fighting       | 4 5 6 |  6.2
Maces & Flails | 3 4 |  4.8
Shields        | |  3.2

Action                   |  1- 3 |  4- 6 |  7- 9 || total
-------------------------+-------+-------+-------++-------
Melee: Flail             |   151 |   303 |   120 ||   574
       Peck              |       |       |    23 ||    23
  Use: Scroll            |       |     3 |       ||     3
  Eat: Chunk             |       |     5 |    11 ||    16
       Bread ration      |       |     1 |       ||     1
Armor: Scale mail        |   117 |   174 |    53 ||   344
Dodge: Dodged            |    60 |   130 |    34 ||   224
Block: Shield            |   112 |   186 |    48 ||   346
